 Dungeon Crawl Stone Soup version 0.27-a0-1177-g245c70e1c0 (webtiles) character file.

Game seed: 6728547612245184429

67 st0uf the Skirmisher (level 3, -1/34 HPs)
             Began as a Draconian Abyssal Knight on May 16, 2021.
             Was a Follower of Lugonu.
             Slain by Grinder (6 damage)
             ... on level 3 of the Dungeon.
             The game lasted 00:08:19 (2973 turns).

st0uf the Skirmisher (Draconian Abyssal Knight)     Turns: 2973, Time: 00:08:20

Health: -1/34      AC:  6    Str: 18 (21) XL:     3   Next: 98%
Magic:  4/4        EV: 12    Int:  8 (10) God:    Lugonu [*.....]
Gold:   75         SH:  0    Dex:  7 (10) Spells: 2/2 levels left

rFire    . . .     SeeInvis .   a - +1 falchion
rCold    . . .     Faith    .   (no shield)
rNeg     . . .     Spirit   .   (armour unavailable)
rPois    .         Reflect  .   (helmet restricted)
rElec    .         Harm     .   (no cloak)
rCorr    .         Rampage  .   f - +0 pair of gloves
Will     .....                  (no boots)
Stlth    +.........             (no amulet)
HPRegen  0.11/turn              h - +6 ring of strength
MPRegen  0.09/turn              (no ring)

@: no status effects
A: AC +5, unfitting armour, cold-blooded, dopey 1
a: Renounce Religion, Depart the Abyss


You were on level 3 of the Dungeon.
You worshipped Lugonu.
Lugonu was aware of your devotion.
You visited 1 branch of the dungeon, and saw 4 of its levels.
You visited the Abyss 1 time.

You collected 75 gold pieces.

Inventory:

Hand Weapons
 a - a +1 falchion (weapon)
 e - a +0 dagger of venom
Missiles
 m - 7 poisoned darts (quivered)
Armour
 f - a +0 pair of gloves (worn)
Jewellery
 h - a +6 ring of strength (left hand)
Scrolls
 k - a scroll of fear {unknown}
 l - a scroll of teleportation {unknown}
 n - a scroll of silence {unknown}
 o - a scroll of vulnerability {unknown}


   Skills:
 + Level 4.5 Fighting
 + Level 2.6 Long Blades
 + Level 2.3 Dodging
 + Level 0.2 Stealth
 * Level 2.4 Invocations


You had 2 spell levels left.
You didn't know any spells.
Your spell library contained the following spells:

 Spells                   Type           Power      Damage    Failure   Level
 Magic Dart               Conj           0%         1d3       41%         1
 Blink                    Tloc           N/A        N/A       54%         2
 Call Imp                 Summ           0%         N/A       54%         2
 Slow                     Hex            0%         N/A       54%         2
 Conjure Flame            Conj/Fire      0%         6-21      78%         3
 Mephitic Cloud           Conj/Pois/Air  0%         N/A       78%         3


Dungeon Overview and Level Annotations

Branches:
Dungeon (4/15)
 Temple: D:4-7

Altars:
Trog

Annotations:
D:3 Grinder


Innate Abilities, Weirdness & Mutations

Your plain brown scales are hard. (AC +5)
You cannot fit into any form of body armour.
You are cold-blooded and may be slowed by cold attacks.
You are dopey. (Int -2)


Message History

You hit Grinder but do no damage.
Grinder is lightly wounded.
Grinder hits you but does no damage. x2
You closely miss Grinder.
Grinder is lightly wounded.
Grinder hits you.
You hit Grinder but do no damage.
Grinder is lightly wounded.
Grinder hits you but does no damage.
You hit Grinder.
Grinder is moderately wounded.
You feel less wooden.
Your +0 pair of gloves unmelds from your body.
Grinder hits you.
You hit Grinder but do no damage.
Grinder is moderately wounded.
Grinder hits you.
You writhe in agony.
You hit Grinder but do no damage.
Grinder is moderately wounded.
Grinder hits you.
You writhe in agony.
You hit Grinder but do no damage.
Your tail-slap misses Grinder.
Grinder is moderately wounded.
Grinder misses you.
You riposte.
You hit Grinder.
Grinder is moderately wounded.
Grinder misses you.
You riposte.
You completely miss Grinder.
Grinder is moderately wounded.
You barely miss Grinder.
Grinder is moderately wounded.
Grinder barely misses you.
You riposte.
You barely miss Grinder.
Grinder is moderately wounded.
You hit Grinder but do no damage.
Grinder is moderately wounded.
Grinder says, "Wait up."
Grinder hits you.
You writhe in agony.
You slash Grinder!
Grinder is heavily wounded.
Grinder hits you!
* * * LOW HITPOINT WARNING * * *
You writhe in agony.
You die...

#
#......รท......##.##......#*##.#
# #.8#8..#..###.#..#........##..#
###.#!#.#(.........#...##...#...#
)<..8#8(...........#..####..#....
###.....#..........#..####..#...#
# ###.#.##.##......#...##...##..#
# #............#.#........###.# #
######.##..5.###*,,,,,,*###.# #
#.#....@# ###******#...# #
#.#..#..# #.# #...# # #.#.....#
#.# #...# #.......###.##### ##.##
###.............# #.#
#######.....#.#####.#
##...##.......# ##.###########
###


You could see Grinder.

Vanquished Creatures
  An adder (D:3)
  A worm (D:3)
  9 bats
  7 endoplasms
  3 giant cockroaches
  5 goblins
  A hobgoblin (D:2)
  6 jackals
  A quokka (D:2)
  3 ball pythons
  2 frilled lizards
  8 kobolds
  2 rats
49 creatures vanquished.

Notes
Turn   | Place    | Note
-------+----------+-------------------------------------------
     0 | Abyss:1  | st0uf the Draconian Abyssal Knight began the quest for the
                  | Orb.
     0 | Abyss:1  | Reached XP level 1. HP: 19/19 MP: 2/2
    41 | Abyss:1  | Found a corrupted altar of Lugonu.
   107 | Abyss:1  | Noticed a quasit
   121 | D:1      | Escaped the Abyss
   344 | D:1      | Reached XP level 2. HP: 27/27 MP: 3/3
   391 | D:1      | Found a faded altar of an unknown god.
   556 | D:1      | Reached * piety under Lugonu
   722 | D:1      | Reached skill level 4 in Fighting
  1271 | D:2      | Found a bloodstained altar of Trog.
  1357 | D:2      | Reached XP level 3. HP: 27/33 MP: 4/4
  1868 | D:2      | You fall into a shaft and drop 2 floors!
  2800 | D:3      | Noticed Grinder
  2920 | D:3      | Gained mutation: You are dopey. (Int -2) [potion of
                  | mutation]
  2920 | D:3      | Paralysed by Grinder for 7 turns
  2939 | D:3      | Paralysed by Grinder for 7 turns
  2952 | D:3      | Paralysed by Grinder for 5 turns
  2973 | D:3      | Slain by Grinder

Illustrated notes

Levels and vault maps discovered:
D:1:      nzn_arrival_depleted_hourglass, layout_basic,
          shapermc_ecumenical_altar_totnotflames, kennysheep_doodads,
          corner_web_ring, minivault_27
D:2:      layout_basic, basic_altar, chequers_mini_garden, grunt_ministairs_6,
          corexii_shack
D:3:      layout_loops_corners, minmay_statues_item, kennysheep_another_room,
          uniq_grinder
D:4:      layout_loops_ring, st_stairs_5, amcnicky_mini_rare_corridor_liquid,
          kennysheep_generic_room_3

Skill      XL: |  1  2 |
---------------+-------+-----
Fighting       | 4 |  4.5
Long Blades    | |  2.6
Dodging        | |  2.3
Stealth        | |  0.2
Invocations    | |  2.4

Action                   || total
-------------------------++-------
Melee: Falchion          ||   155
       Tailslap          ||    13
Throw: Dart              ||     5
Invok: Depart the Abyss  ||     1
  Use: Potion            ||     4
       Scroll            ||     3
 Stab: Sleeping          ||     2
Armor: Skin              ||    74
Dodge: Dodged            ||   102
       Rpst.: Falchion   ||    31

Table legend: (Time is in decaauts)
 A = Elapsed time spent in this place.
 B = Non-inter-level travel time spent in this place.
 C = Inter-level travel time spent in this place.
 D = Time resting spent in this place.
 E = Time spent auto-exploring this place.
 F = Levels seen in this place.
 G = Mean time per level.
                   A        B        C        D        E       F      G
               +--------+--------+--------+--------+--------+-----+--------+
         Total |   3005 |   2911 |     94 |      6 |   2222 |   5 |  601.0 |
       Dungeon |   2884 |   2790 |     94 |      6 |   2222 |   4 |  721.0 |
         Abyss |    121 |    121 |      0 |      0 |      0 |   1 |  121.0 |
               +--------+--------+--------+--------+--------+-----+--------+

Top non-repeatable levels by time:
     D:2: 1104 daAuts
     D:1: 1024 daAuts
     D:3: 734 daAuts
 Abyss:1: 121 daAuts
     D:4: 21 daAuts
